 Dungeon Crawl Stone Soup version 0.28.0 (console) character file.

Game seed: 11634243106896978697

249 ryathie the Conjurer (level 5, -6/28 HPs)
             Began as a Deep Elf Hedge Wizard on Feb 14, 2022.
             Killed from afar by an orc wizard (12 damage)
             ... with a puff of flame
             ... on level 3 of the Dungeon.
             The game lasted 00:06:25 (2151 turns).

ryathie the Conjurer (Deep Elf Hedge Wizard)        Turns: 2151, Time: 00:06:25

Health: -6/28      AC:  2    Str:  7    XL:     5   Next: 86%
Magic:  11/14      EV: 12    Int: 21    God:
Gold:   119        SH:  0    Dex: 14    Spells: 3/14 levels left

rFire   . . .      SeeInvis .   i - +8 hand axe "Ysull" {freeze, rN+}
rCold   . . .      Faith    .   (no shield)
rNeg    + . .      Spirit   .   b - +0 robe
rPois   .          Reflect  .   c - +0 hat
rElec   .          Harm     .   (no cloak)
rCorr   .          Rampage  .   (no gloves)
Will    .....                   (no boots)
Stlth   ++........              (no amulet)
HPRegen 0.09/turn               (no ring)
MPRegen 0.14/turn               (no ring)

@: no status effects
A: no striking features
a: no special abilities


You were on level 3 of the Dungeon.
You visited 1 branch of the dungeon, and saw 3 of its levels.

You collected 119 gold pieces.

Inventory:

Hand Weapons
 f - a +0 dagger of electrocution
 i - the +8 hand axe "Ysull" (weapon) {freeze, rN+}
   (You found it on level 2 of the Dungeon)

   It freezes those it strikes, dealing additional cold damage.
   It can also slow down cold-blooded creatures.
   rN:        It protects you from negative energy.
Armour
 b - a +0 robe (worn)
 c - a +0 hat (worn)
Scrolls
 a - 2 scrolls of identify {unknown}
 g - a scroll of magic mapping {unknown}
 j - a scroll of blinking {unknown}
 k - a scroll of enchant armour {unknown}
 l - 3 scrolls of teleportation {unknown}
Potions
 d - a potion of might {unknown}
 e - a potion of berserk rage {unknown}
 h - a potion of lignification {unknown}


   Skills:
 - Level 2.4 Dodging
 - Level 2.4 Stealth
 - Level 5.0 Spellcasting
 + Level 5.7 Conjurations
 - Level 2.0 Summonings
 - Level 2.0 Translocations


You had 3 spell levels left.
You knew the following spells:

 Your Spells              Type           Power      Damage    Failure   Level
a - Magic Dart            Conj           100%       1d8       1%          1
b - Call Imp              Summ           13%        N/A       7%          2
c - Mephitic Cloud        Conj/Pois/Air  13%        N/A       16%         3
d - Conjure Flame         Conj/Fire      17%        6-21      10%         3
B - Blink                 Tloc           26%        N/A       7%          2

Your spell library contained the following spells:

 Spells                   Type           Power      Damage    Failure   Level
 Slow                     Hex            20%        N/A       11%         1
 Tukima's Dance           Hex            5%         N/A       32%         3
 Passage of Golubria      Tloc           13%        N/A       43%         4
 Yara's Violent Unravell  Hex/Tmut       2%         3d3       96%         5


Dungeon Overview and Level Annotations

Branches:
Dungeon (3/15)

Altars:


Message History

Nothing appears to happen.
Casting: Mephitic Cloud (quite dangerous; 16% risk of failure)
Confirm with . or Enter, or press ? or * to list all spells.
The spell is quite dangerous to miscast (16% risk of failure)!
Continue anyway?
Aiming: Mephitic Cloud (quite dangerous; 16% risk of failure)
Press: ? - help, Shift-Dir - straight line The ball explodes into a vile cloud!
The stinking cloud engulfs something but does no damage.
The stinking cloud engulfs you but does no damage.
You are engulfed in noxious fumes.
You choke on the stench!
You are confused.
You're too confused to move!
You are engulfed in noxious fumes.
You choke on the stench!
You are more confused.
You feel less confused.
You open the door.
Your magical contamination has completely faded away.
Found a faded altar of an unknown god.
There is an open door here.
You close the door.
You start resting.
An orc wizard opens the door.
It is wielding a +0 dagger.
Casting: Mephitic Cloud (quite dangerous; 16% risk of failure)
Confirm with . or Enter, or press ? or * to list all spells.
Okay, then.
Casting: Mephitic Cloud (quite dangerous; 16% risk of failure)
Confirm with . or Enter, or press ? or * to list all spells.
You don't know that spell.
Unknown command.
Casting: Mephitic Cloud (quite dangerous; 16% risk of failure)
Confirm with . or Enter, or press ? or * to list all spells.
Aiming: Magic Dart (safe; 1% risk of failure)
Press: ? - help, Shift-Dir - straight line, f - orc wizard
Aim: an orc wizard, wielding a +0 dagger and wearing a +0 robe (heavily wounded, confused, 100% to hit)
The magic dart hits the orc wizard.
The orc wizard is severely wounded.
The orc wizard seems less confused.
The orc wizard casts a spell at you. The puff of flame hits you!
You die...

#...<.[[..).....##'#'
####'######..........
#.######.....#...<
#.#..........#....
#####........#....
####.#....#########
#♣..#.##..>######
##...#.♣#...#....#
#.P.@#.8#...#....####
#⌠_..'oP#...#........
#8.P.#..###.#........
##8..#..♣##..........
#...#..8##'#.#......
#####...............
#...............
#.P8##........<.
#..♣#........#'#


You could see an orc wizard.

Vanquished Creatures
  2 hounds
  Jessica (D:2)
  An orc wizard (D:3)
  3 gnolls (D:3)
  An adder (D:3)
  A worm (D:2)
  A dart slug (D:3)
  4 orcs (D:3)
  8 endoplasms
  3 giant cockroaches
  2 goblins
  5 hobgoblins
  8 kobolds
  3 quokkas
  2 ball pythons (D:1)
  6 bats
  3 frilled lizards
  4 rats
58 creatures vanquished.

Vanquished Creatures (collateral kills)
  Terence (D:2)
  A worm (D:2)
  A kobold (D:2)
3 creatures vanquished.

Grand Total: 61 creatures vanquished

Notes
Turn   | Place    | Note
-------+----------+-------------------------------------------
     0 | D:1      | ryathie the Deep Elf Hedge Wizard began the quest for the
                  | Orb.
     0 | D:1      | Reached XP level 1. HP: 10/10 MP: 7/7
   243 | D:1      | Reached XP level 2. HP: 10/15 MP: 2/9
   582 | D:1      | Reached skill level 5 in Spellcasting
   585 | D:1      | Learned a level 2 spell: Call Imp
   588 | D:1      | Learned a level 2 spell: Blink
   896 | D:2      | Noticed Jessica
   904 | D:2      | Killed Jessica
   905 | D:2      | Reached XP level 3. HP: 15/19 MP: 5/11
  1138 | D:2      | Identified the +8 hand axe "Ysull" {freeze, rN+}
  1241 | D:2      | Noticed Terence
  1258 | D:2      | Killed Terence
  1259 | D:2      | Reached XP level 4. HP: 3/24 MP: 10/13
  1278 | D:2      | HP: 1/24 [hobgoblin (3)]
  1372 | D:2      | Learned a level 3 spell: Conjure Flame
  1376 | D:2      | Learned a level 3 spell: Mephitic Cloud
  1693 | D:3      | Reached XP level 5. HP: 16/28 MP: 12/14
  1859 | D:3      | Reached skill level 5 in Conjurations
  2127 | D:3      | Found a faded altar of an unknown god.
  2151 | D:3      | Killed from afar by an orc wizard

Illustrated notes

Levels and vault maps discovered:
D:1:      minmay_arrival_diagonal_passages, layout_loops_corners, serial_glass,
          glass_columns_a, glass_columns_a, feat_on_display, item_on_display_a,
          due_unseen_surprise
D:2:      layout_loops_ring, uniq_terence, uniq_jessica
D:3:      layout_basic, chequers_ecumenical_altar_lobes

Skill      XL: |  1  2  3  4  5 |
---------------+----------------+-----
Conjurations   | 3 4 5 |  5.7
Spellcasting   | 5 |  5.0
Summonings     | 2 |  2.0
Translocations | 2 |  2.0
Dodging        | |  2.4
Stealth        | |  2.4

Action                   |  1- 3 |  4- 6 || total
-------------------------+-------+-------++-------
Melee: Dagger            |    22 |       ||    22
       Hand axe          |     4 |    25 ||    29
       Punch             |     1 |     1 ||     2
 Cast: Magic Dart        |    49 |    45 ||    94
       Call Imp          |     7 |     2 ||     9
       Blink             |       |     1 ||     1
       Mephitic Cloud    |       |     1 ||     1
 Stab: Sleeping          |     5 |     2 ||     7
Armor: Robe              |     1 |     6 ||     7
Dodge: Dodged            |    21 |    13 ||    34
